 Dungeon Crawl Stone Soup version 0.31-a0-986-g5e6e4ef867 (webtiles) character file.

Game seed: 9100564307099808986

559 p00ps00p the Trooper (level 7, -1/62 HPs)
             Began as a Hill Orc Fighter on Nov 11, 2023.
             Slain by an ogre
             ... wielding a +0 giant club
              (6 damage)
             ... on level 4 of the Dungeon.
             The game lasted 00:04:32 (4145 turns).

p00ps00p the Trooper (Hill Orc Fighter)             Turns: 4145, Time: 00:04:32

Health: -1/62      AC:  7    Str: 21    XL:     7   Next: 31%
Magic:  0/7        EV:  9    Int:  8    God:
Gold:   197        SH:  6    Dex: 10    Spells: 6/6 levels left

rFire   . . .        a - +0 war axe
rCold   . . .        c - +1 buckler
rNeg    . . .        b - +0 scale mail
rPois   .            (no helmet)
rElec   .            (no cloak)
rCorr   .            (no gloves)
SInv    .            (no boots)
Will    .....        h - amulet of guardian spirit Stlth
                     (no ring)
HPRegen 0.30/turn    (no ring)
MPRegen 0.10/turn

%: guardian spirit
@: mighty
A: no striking features
a: no special abilities


You were on level 4 of the Dungeon.
You visited 1 branch of the dungeon, and saw 5 of its levels.

You collected 197 gold pieces.

Inventory:

Hand Weapons
 a - a +0 war axe (weapon)
Armour
 b - a +0 scale mail (worn)
 c - a +1 buckler (worn)
Jewellery
 h - an amulet of guardian spirit (around neck)
Wands
 p - a wand of flame (7)
Scrolls
 e - a scroll of vulnerability
 g - a scroll of immolation
 l - 3 scrolls of fog
Potions
 d - a potion of might
 f - 2 potions of curing {unknown}
 i - 3 potions of enlightenment
 j - 2 potions of berserk rage {unknown}
 k - a potion of mutation {unknown}
 m - 2 potions of attraction {unknown}
 n - a potion of haste {unknown}
 o - a potion of resistance {unknown}


   Skills:
 + Level 5.8 Fighting
 + Level 5.5 Axes
 + Level 5.3 Armour
 + Level 5.2 Shields


You had 6 spell levels left.
You didn't know any spells.
Your spell library contained the following spells:

 Spells                   Type           Power      Damage    Failure   Level
 Freeze                   Ice            0%         1d3       80%         1
 Ensorcelled Hibernation  Hex/Ice        0%         N/A       90%         2
 Passwall                 Tmut/Erth      0%         N/A       90%         2
 Frozen Ramparts          Ice            0%         1d1       99%         3
 Hailstorm                Conj/Ice       0%         3d3       99%         3
 Inner Flame              Hex/Fire       0%         N/A       99%         3
 Swiftness                Air            0%         N/A       99%         3
 Yara's Violent Unravell  Hex/Tmut       0%         3d3       100%        5
 Enfeeble                 Hex            0%         N/A       100%        7


Dungeon Overview and Level Annotations

Branches:
Dungeon (5/15)
 Temple: D:4-7

Altars:
Makhleb
Sif Muna
Trog
Yredelemnul

Shops:
D:3 !

Annotations:
D:5 Pikel


Message History

You start resting.
HP restored.
You start waiting.
Done waiting.
You climb downwards.
Level annotation: Pikel The lemure hits you but does no damage.
The ogre hits you with a +0 giant club!!
The lemure hits you but does no damage.
There is a stone staircase leading up, spattered with blood here.
The ogre hits you with a +0 giant club!!
* * * LOW HITPOINT WARNING * * *
You block the lemure's attack. The lemure hits you but does no damage.
You climb upwards.
There is a stone staircase leading down, spattered with blood here.
You barely miss the ogre. You hit the lemure but do no damage.
You miss the lemure. The lemure hits you.
* * * LOW HITPOINT WARNING * * *
You block the lemure's attack. You block the ogre's attack.
You feel very mighty all of a sudden.
The lemure hits you but does no damage. x2
You hit the ogre.
The ogre is lightly wounded.
You barely miss the lemure. You hit the lemure. The ogre closely misses you.
The lemure hits you.
* * * LOW HITPOINT WARNING * * *
The lemure hits you.
* * * LOW HITPOINT WARNING * * *
You barely miss the ogre.
The ogre is lightly wounded.
You barely miss the lemure. You hit the lemure. The lemure hits you.
* * * LOW HITPOINT WARNING * * *
You block the lemure's attack. The ogre hits you with a +0 giant club.
* * * LOW HITPOINT WARNING * * *
The lemure hits you but does no damage. The lemure barely misses you.
You slash the ogre!
The ogre is heavily wounded.
You slash the lemure! You barely miss the lemure.
The ogre hits you with a +0 giant club!
You die...

##........####.###.####.....
####......###........#.....
#.......##.#............
##.###...####.....######
####....####.....#...'.
##.......#%.....#._.'.
##.......##......#...'.
#.....5..###.....######
#....5@O..#.....##..##.
##.#............###....
###....#.##.##..##....
##...#######...####..
#.....#.# ###..###..
##......####........#
###.....##.......#.#
##.....#...#.###..
####.#.......##.###..


You could see an ogre and 2 lemures.

Vanquished Creatures
  Grinder (D:3)
  A lemure (D:4)
  A hound (D:4)
  Jessica (D:3)
  Ijyb (D:3)
  Terence (D:3)
  An orc wizard (D:2)
  A sleepcap (D:4)
  Robin (D:4)
  4 gnolls (D:3)
  4 adders
  6 dart slugs
  3 orcs
  3 bats
  8 endoplasms
  4 giant cockroaches
  7 goblins
  14 hobgoblins
  2 jackals (D:5)
  12 kobolds
  4 quokkas
  13 ball pythons
  5 frilled lizards
  9 rats
107 creatures vanquished.

Notes
Turn   | Place    | Note
-------+----------+-------------------------------------------
     0 | D:1      | p00ps00p the Hill Orc Fighter began the quest for the Orb.
     0 | D:1      | Reached XP level 1. HP: 19/19 MP: 1/1
   102 | D:1      | Reached XP level 2. HP: 25/27 MP: 2/2
   337 | D:1      | Reached XP level 3. HP: 32/33 MP: 3/3
   985 | D:2      | Reached XP level 4. HP: 31/41 MP: 4/4
  1168 | D:2      | Found a faded altar of an unknown god.
  1646 | D:3      | Noticed Terence
  1657 | D:3      | Killed Terence
  1658 | D:3      | Reached XP level 5. HP: 35/47 MP: 5/5
  1907 | D:3      | Noticed Grinder
  1924 | D:3      | Killed Grinder
  1925 | D:3      | Reached skill level 5 in Fighting
  1925 | D:3      | Reached skill level 5 in Axes
  1925 | D:3      | Reached XP level 6. HP: 18/56 MP: 2/6
  2132 | D:3      | Found a bloodstained altar of Trog.
  2282 | D:3      | Noticed Jessica
  2286 | D:3      | Killed Jessica
  2287 | D:3      | Reached skill level 5 in Armour
  2344 | D:3      | Reached skill level 5 in Shields
  2474 | D:3      | Found a burning altar of Makhleb.
  2545 | D:3      | Noticed Ijyb
  2562 | D:3      | Killed Ijyb
  2563 | D:3      | Reached XP level 7. HP: 43/61 MP: 4/7
  2649 | D:3      | Found Saizxo's Distillery.
  3608 | D:4      | Found a shimmering blue altar of Sif Muna.
  3621 | D:4      | Found a basalt altar of Yredelemnul.
  3648 | D:4      | Noticed Robin
  3655 | D:4      | Killed Robin
  3865 | D:5      | Entered Level 5 of the Dungeon
  3874 | D:5      | Noticed Pikel
  4145 | D:4      | Slain by an ogre

Illustrated notes

Levels and vault maps discovered:
D:1:      sevenhm_arrival_forest_fort_large_2, layout_basic, minivault_26,
          minmay_pentomino_w4
D:2:      layout_basic, dreamdust_ecumenical_altar_statues,
          nicolae_twisty_statue_hallways
D:3:      minmay_diamond_boxcup, layout_basic, bloody_makhleb,
          lemuel_crystal_altar, serial_shops, shop, grunt_decor_one_mirror,
          reono_crystal_passage, uniq_terence, uniq_grinder, uniq_jessica,
          uniq_ijyb
D:4:      layout_cave_pools, mainiacjoe_overflow_big_doors, nicolae_goblin_pals
D:5:      layout_basic, uniq_duvessa, uniq_prince_ribbit1, uniq_pikel

Skill      XL: |  1  2  3  4  5  6 |
---------------+-------------------+-----
Axes           | 3 4 5 |  5.5
Fighting       | 4 5 |  5.8
Armour         | 4 5 |  5.3
Shields        | 4 5 |  5.2

Action                     |  1- 3 |  4- 6 |  7- 9 || total
---------------------------+-------+-------+-------++-------
  Melee: War axe           |    93 |   151 |    78 ||   322
    Use: Scroll            |     6 |     1 |     3 ||    10
         Potion            |       |       |     1 ||     1
 Armour: Scale mail        |    64 |   106 |    69 ||   239
  Dodge: Dodged            |    44 |    66 |    29 ||   139
  Block: Buckler           |    23 |    49 |    31 ||   103

Table legend: (Time is in decaauts)
 A = Elapsed time spent in this place.
 B = Non-inter-level travel time spent in this place.
 C = Inter-level travel time spent in this place.
 D = Time resting spent in this place.
 E = Time spent auto-exploring this place.
 F = Levels seen in this place.
 G = Mean time per level.
                   A        B        C        D        E       F      G
               +--------+--------+--------+--------+--------+-----+--------+
         Total |   4246 |   4188 |     58 |    524 |   2936 |   5 |  849.2 |
       Dungeon |   4246 |   4188 |     58 |    524 |   2936 |   5 |  849.2 |
               +--------+--------+--------+--------+--------+-----+--------+

Top non-repeatable levels by time:
     D:3: 1633 daAuts
     D:4: 915 daAuts
     D:1: 915 daAuts
     D:2: 757 daAuts
     D:5: 24 daAuts
